 Dungeon Crawl Stone Soup version 0.30-a0-1043-g60ff8d5f49 (webtiles) character file.

Game seed: 15472903793524142104

22 Esekla the Sneak (level 2, 21/21 HPs)
             Began as an Octopode Delver on Apr 9, 2023.
             Quit the game on level 5 of the Dungeon.
             The game lasted 00:01:18 (165 turns).

Esekla the Sneak (Octopode Delver)                   Turns: 165, Time: 00:01:19

Health: 21/21      AC:  1    Str: 11    XL:     2   Next: 91%
Magic:  2/2        EV: 13    Int: 12    God:
Gold:   39         SH:  0    Dex: 13    Spells: 1/1 levels left

rFire   . . .      SeeInvis .    a - +0 falchion
rCold   . . .      Faith    .    (no shield)
rNeg    . . .      Spirit   .    (helmet restricted)
rPois   .          Reflect  .    (no amulet)
rElec   .          Rampage  .    (no ring)
rCorr   .                        (no ring)
Will    .....                    (no ring)
Stlth   ++++                     (no ring)
HPRegen 0.23/turn                (no ring)
MPRegen 0.08/turn                (no ring)
                                 (no ring)
                                 (no ring)

@: no status effects
A: almost no armour, amphibious, 8 rings, camouflage 1, gelatinous body 1,
(nimble swimmer 1), tentacles
a: no special abilities


You were on level 5 of the Dungeon.
You visited 1 branch of the dungeon, and saw 1 of its levels.

You collected 39 gold pieces.

Inventory:

Hand Weapons
 a - a +0 falchion (weapon)
Wands
 f - a wand of digging (3)
Scrolls
 b - a scroll of fog
 c - a scroll of teleportation {unknown}
 d - a scroll of fear
Potions
 e - a potion of haste


   Skills:
 * Level 3.2 Fighting
 * Level 2.2 Long Blades
 * Level 2.2 Dodging
 + Level 7.1 Stealth
 * Level 0.4 Spellcasting


You had one spell level left.
You didn't know any spells.
Your spell library was empty.

Dungeon Overview and Level Annotations

Branches:
Dungeon (5/15)
 Temple: D:4-7

Altars:
Uskayaw


Innate Abilities, Weirdness & Mutations

You cannot wear most types of armour.
You are amphibious.
You can wear up to eight rings at the same time.
Your skin changes colour to match your surroundings (Stealth+).
Your rubbery body absorbs attacks. (AC +1, EV +1)
((You are camouflaged when in or above water. (Stealth+)))
You have tentacles for arms and can constrict up to eight enemies at once.


Message History

An adder comes into view.
The helpless adder fails to defend itself.
You slash the adder! Your grab misses the adder.
The adder is severely wounded.
The adder closely misses you. The adder bites you.
You hit the adder.
You kill the adder!
You have reached level 2!
You now have 38 gold pieces (gained 19).
Found a stone staircase leading down.
Found 5 stones.
Found a stone staircase leading up.
An adder and a worm come into view.
The adder hisses angrily.
The adder attacks as you move away! The adder barely misses you.
You closely miss the adder. You grab the adder. You constrict the adder.
The adder barely misses you.
You barely miss the adder. You squeeze the adder!
You kill the adder!
Your Stealth skill increases to level 7!
You start waiting.
A worm is nearby!
You barely miss the worm. You grab the worm. You squeeze the worm!
The worm is heavily wounded.
You constrict the worm. You hit the worm.
The worm is severely wounded.
You constrict the worm. The worm bites you!
You hit the worm.
The worm is almost dead.
You constrict the worm.
You kill the worm!
You start resting.
HP restored.
You see here an adder corpse.
Found a gold piece.
You now have 39 gold pieces (gained 1).
Found a hide-covered altar of Uskayaw.
There is a hide-covered altar of Uskayaw here.
Are you sure you want to abandon this character and quit the game? (Confirm with "yes".)

*,* *,,,* *,* *,,,* *,*
*********,,,*** ** *,*
*,,,,,,,,,,,,,***, *,*
*,********,,,,,,,,
##################*******,,****,,
.................#,,,,,,,,,,,,,,,
..#...#...#...#..#*******,,****,,
................@#,******,,* *,,
..#...#...#...#..#,,**,**,,* ***
.................#,**,,,*,,*****,
##################,*,,,,,,,,,,,,,
*.#,* ****,,,,,,,,,,,,,,****,
*.#,* *,,,,,,,,,,,,,,,,** **
#####.#.###.**,,,,,,,,,,*,,,* *
............****,,,***,*,,,,* *
....###.###<* *,,,,* ***,,,,*


There were no monsters in sight!

Vanquished Creatures
  2 adders (D:5)
  A worm (D:5)
3 creatures vanquished.

Notes
Turn   | Place    | Note
-------+----------+-------------------------------------------
     0 | D:5      | Esekla the Octopode Delver began the quest for the Orb.
     0 | D:5      | Reached XP level 1. HP: 16/16 MP: 1/1
    10 | D:5      | Noticed an ogre
    46 | D:5      | Reached XP level 2. HP: 18/21 MP: 2/2
   102 | D:5      | Reached skill level 7 in Stealth
   156 | D:5      | Found a hide-covered altar of Uskayaw.
   165 | D:5      | Quit the game

Illustrated notes

Levels and vault maps discovered:
D:5:      layout_loops_ring, lemuel_coloured_pillars_altar, uniq_edmund

Skill      XL: |  1  2 |
---------------+-------+-----
Stealth        | 7 |  7.1
Fighting       | |  3.2
Long Blades    | |  2.2
Dodging        | |  2.2
Spellcasting   | |  0.4

Action                     || total
---------------------------++-------
  Melee: Falchion          ||     7
         Constrict         ||     2
         Tentacles         ||     2
    Use: Scroll            ||     1
   Stab: Sleeping          ||     1
  Dodge: Dodged            ||     3

Table legend: (Time is in decaauts)
 A = Elapsed time spent in this place.
 B = Non-inter-level travel time spent in this place.
 C = Inter-level travel time spent in this place.
 D = Time resting spent in this place.
 E = Time spent auto-exploring this place.
 F = Levels seen in this place.
 G = Mean time per level.
                   A        B        C        D        E       F      G
               +--------+--------+--------+--------+--------+-----+--------+
         Total |    166 |    166 |      0 |     39 |      0 |   1 |  166.0 |
       Dungeon |    166 |    166 |      0 |     39 |      0 |   1 |  166.0 |
               +--------+--------+--------+--------+--------+-----+--------+

Top non-repeatable levels by time:
     D:5: 166 daAuts
